cohdb
Replays
Latest Replays
All Replays
Popular Replays
Top Player Replays
Match Explorer
How It Works
Community
CoH3 Stats
Reddit
Sign in to upload your games and track your stats! →
Sign in with Steam
Match 44633431
Unlisted
Match 44633431
Overview
Messages
Build Orders
End
Construct Barracks
1⁄4-ton 4x4 Truck
M1 Mortar Team
Construct Weapon Support Center
M1919 Machine Gun Team
M1919 Machine Gun Team
Mechanized Support Center
Engineer Squad
Selects Heavy Weapons
M3 Armored Personnel Carrier
Selects Assault Carriers
M1 Mortar Team
Bazooka Squad
Yukineco
Fandango34
Serial Chiller
Toejamkid
Edasek
Brico29
凯.
ExNihilo
0
0
Comments
sign in to comment!
No comments posted yet!